 Dungeon Crawl Stone Soup version 0.30-a0-924-g0ad0bf95bc (webtiles) character file.

Game seed: 11405482478368959800

18111 Vildravn the Protected (level 12, -8/169 HPs)
             Began as an Armataur Berserker on Mar 22, 2023.
             Was a High Priest of Trog.
             Mangled by a catoblepas (11 damage)
             ... on level 2 of the Lair of Beasts.
             The game lasted 00:18:05 (15314 turns).

Vildravn the Protected (Armataur Berserker)        Turns: 15314, Time: 00:18:06

Health: -8/169     AC: 26    Str: 24    XL:     12   Next: 24%
Magic:  0/12       EV:  3    Int: 11    God:    Trog [*****.]
Gold:   125        SH: 11    Dex: 11    Spells: 11/11 levels left

rFire   . . .      SeeInvis .    C - +3 war axe
rCold   . . .      Faith    .    z - +0 kite shield
rNeg    . . .      Spirit   +    c - +8 chain mail of Trumpets {Int+3}
rPois   .          Reflect  .    (helmet restricted)
rElec   .          Roll     +    b - +2 cloak
rCorr   +                        f - +2 pair of gloves
Will    .....                    (no barding) Stlth
                                 A - amulet of guardian spirit
HPRegen 0.48/turn                u - ring of flight
MPRegen 0.13/turn                s - ring of resist corrosion

@: berserking, lethally poisoned (-8 -> -13), petrifying, flying, studying
Shields
A: large, rugged brown scales 3, deformed body, armoured tail, roll, long
tongue, awkward tongue, beak, claws 1, weak 1, wild magic 1, sturdy frame 1
a: Renounce Religion, Berserk, Trog's Hand, Brothers in Arms


You were on level 2 of the Lair of Beasts.
You worshipped Trog.
Trog was extremely pleased with you.
You visited 2 branches of the dungeon, and saw 14 of its levels.
You also visited: Ossuary.

You collected 1032 gold pieces.
You spent 907 gold pieces at shops.

Inventory:

Hand Weapons
 a - a +2 heavy hand axe
 C - a +3 war axe (weapon)
Armour
 b - a +2 cloak (worn)
 c - the +8 chain mail of Trumpets (worn) {Int+3}
   (You found it on level 11 of the Dungeon)

   Int:       It affects your intelligence (+3).
 f - a +2 pair of gloves (worn)
 z - a +0 kite shield (worn)
Jewellery
 e - an amulet of the acrobat
 s - a ring of resist corrosion (right hand)
 u - a ring of flight (left hand)
 v - a ring of poison resistance
 y - a ring of ice
 A - an amulet of guardian spirit (around neck)
Wands
 g - a wand of digging (1)
 i - a wand of polymorph (16)
 j - a wand of charming (12)
 o - a wand of mindburst (3)
 q - a wand of iceblast (13)
 r - a wand of flame (35) (quivered)
Scrolls
 d - 6 scrolls of teleportation
 h - 3 scrolls of blinking
 n - 4 scrolls of identify
 w - a scroll of fog
 x - a scroll of butterflies
 D - 2 scrolls of enchant weapon
 E - a scroll of magic mapping
Potions
 k - 2 potions of curing
 l - a potion of resistance
 t - a potion of brilliance
 B - a potion of magic


   Skills:
 + Level 9.7 Fighting
 * Level 10.7 Axes
 + Level 11.9 Armour
 - Level 1.3 Dodging
 - Level 0.7 Stealth
 + Level 11.4 Shields


You had 11 spell levels left.
You didn't know any spells.
Your spell library was empty.

Dungeon Overview and Level Annotations

Branches:
Dungeon (12/15)            Temple (0/1) D:6            Lair (2/5) D:11
  Snake (0/4) Lair:2      Ossuary (visited)
  Swamp: Lair:2-3    Shoals: Lair:2-3       Orc: D:9-12

Altars:
Ashenzari
Cheibriados
Gozag
Makhleb
Okawaru
Ru
Uskayaw
Wu Jian
Xom
Zin

Shops:
D:10 [   D:11 **(=

Annotations:
D:3 3 runed translucent doors, TheSexyCheese's ghost, amateur DEFE; bobarctor's ghost, amateur DsNe; sirJeffrey23's ghost, amateur TeCj


Innate Abilities, Weirdness & Mutations

You are completely covered in rugged brown scales. (AC +3, +7% HP)
Armour fits poorly on your strangely shaped body.
You have a long armoured tail.
You roll when moving toward enemies. (Rampage)
Your long tongue fully drains potion bottles. (2x potion effects)
Your tongue gives you trouble enunciating. (1.5x scroll delay)
You have a beak for a mouth.
You have sharp fingernails.
You are weak. (Str -2)
Your spells are a little harder to cast, but a little more powerful.
Your movements are slightly less encumbered by armour. (ER -2)


Message History

The catoblepas gores you but does no damage.
The naga hits you with a +2 war axe of holy wrath!
* * * LOW HITPOINT WARNING * * *
The naga constricts you.
* * * LOW HITPOINT WARNING * * *
You are engulfed in calcifying dust.
The naga hits you with a +0 morningstar!
* * * LOW HITPOINT WARNING * * *
The catoblepas gores you but does no damage.
The naga hits you but does no damage. The naga constricts you.
* * * LOW HITPOINT WARNING * * *
You are engulfed in calcifying dust.
The naga hits you with a +0 morningstar!
* * * LOW HITPOINT WARNING * * *
The catoblepas gores you!
* * * LOW HITPOINT WARNING * * *
The naga hits you with a +2 war axe of holy wrath!
* * * LOW HITPOINT WARNING * * *
The naga constricts you.
You are engulfed in calcifying dust.
The naga hits you with a +0 morningstar.
The catoblepas breathes a plume of calcifying dust at you.
The blast of calcifying dust hits you but does no damage.
The naga spits poison at you.
The splash of poison hits you but does no damage.
You resist. The naga constricts you.
* * * LOW HITPOINT WARNING * * *
You turn to flesh and can move again.
You slice the naga!!
You kill the naga!
Trog accepts your kill.
You completely miss the naga. You hit the catoblepas.
You are engulfed in calcifying dust.
You are slowing down.
You block the naga's attack. The naga grabs you. The naga constricts you.
The catoblepas gores you but does no damage.
You escape the naga's grasp.
Found a scroll of teleportation.
* * * LOW HITPOINT WARNING * * *
You feel sick. The catoblepas gores you!!
You die...

#)...†.....#....
##.P...§........
##P..P.......###.
#...$..##.<.## #
##.<..§###.....#
##.##....§.P##.........
...........###.........
.###.)§#### #...#..P..
#...Y@N.# ##.##.#...
#.......# #.. ....
............? ... ....
......>.....##
...........##
..#.......#.
..#.......#.. ###...###
..


You could see a catoblepas and a naga.

Vanquished Creatures
  Fannar (Lair:1)
  A hydra (D:11)
  A boulder beetle (D:8)
  A tengu warrior (D:11)
  2 ugly things (D:11)
  4 cyclopes (D:11)
  A wolf spider (D:11)
  2 cane toads (Lair:1)
  A black mamba (Lair:1)
  A rime drake (Lair:1)
  4 komodo dragons
  2 unseen horrors (D:11)
  4 trolls
  A meliai (shapeshifter) (D:10)
  A hornet (Lair:2)
  Eustachio (D:4)
  A wyvern (D:9)
  A wraith (D:11)
  19 yaks
  A vampire (D:10)
  A basilisk (shapeshifter) (D:11)
  A steam dragon (D:7)
  4 vampire mosquitoes
  2 nagas (Lair:2)
  5 water moccasins
  An orc warrior (D:10)
  3 ice beasts
  A black bear (shapeshifter) (D:11)
  2 black bears
  5 centaurs
  A phantom (D:5)
  A kobold brigand (D:7)
  A gnoll sergeant (D:7)
  5 scorpions
  4 bullfrogs (Lair:1)
  7 wights (D:9)
  19 killer bees
  An electric eel (D:11)
  3 howler monkeys
  3 centaur zombies (Ossuary)
  3 human zombies (Ossuary)
  2 jellies
  An orc priest (D:8)
  6 hounds
  5 scorpion zombies (Ossuary)
  3 iguanas
  6 orc wizards
  4 hell rats (Lair:1)
  3 mummies (Ossuary)
  Robin (D:4)
  2 adders
  10 gnolls
  3 shadow imps
  2 ufetubi
  A worm (D:5)
  5 dart slugs
  17 orcs
  7 ball pythons
  5 bats
  5 endoplasms
  5 giant cockroaches
  13 goblins
  6 hobgoblins
  A jackal (D:4)
  4 quokkas
  3 frilled lizards
  A gnoll zombie (Ossuary)
  4 goblin zombies (Ossuary)
  3 hobgoblin zombies (Ossuary)
  10 kobolds
  3 kobold zombies (Ossuary)
  An orc zombie (Ossuary)
  4 rats
269 creatures vanquished.

Vanquished Creatures (others)
  A butterfly (Lair:1)
  4 fungi
  21 plants
  3 withered plants (D:3)
29 creatures vanquished.

Grand Total: 298 creatures vanquished

Notes
Turn   | Place    | Note
-------+----------+-------------------------------------------
     0 | D:1      | Vildravn the Armataur Berserker began the quest for the
                  | Orb.
     0 | D:1      | Reached XP level 1. HP: 19/19 MP: 1/1
   115 | D:1      | Reached XP level 2. HP: 26/26 MP: 2/2
   906 | D:2      | Reached XP level 3. HP: 33/33 MP: 3/3
  1078 | D:2      | Reached ** piety under Trog
  1317 | D:2      | Reached XP level 4. HP: 33/40 MP: 4/4
  2023 | D:3      | Found a runed translucent gate.
  2024 | D:3      | Found a runed translucent gate.
  2025 | D:3      | Found a runed translucent gate.
  2026 | D:3      | Noticed TheSexyCheese's ghost (amateur DEFE)
  2026 | D:3      | Noticed sirJeffrey23's ghost (amateur TeCj)
  2027 | D:3      | Noticed bobarctor's ghost (amateur DsNe)
  2543 | D:4      | Identified the +2 ring mail "Ovvaphu" {rC- Will++}
  2636 | D:4      | Noticed Eustachio
  2659 | D:4      | Killed Eustachio
  2660 | D:4      | Reached XP level 5. HP: 18/49 MP: 5/5
  2804 | D:4      | Reached XP level 6. HP: 55/55 MP: 6/6
  3001 | D:4      | Noticed an ice beast
  3008 | D:4      | Killed an ice beast
  3167 | D:4      | Noticed Robin
  3175 | D:4      | Killed Robin
  3417 | D:4      | Found a shimmering altar of Xom.
  3709 | D:5      | Entered Level 5 of the Dungeon
  3714 | D:5      | Reached XP level 7. HP: 55/64 MP: 7/7
  3946 | D:5      | Found a sand-covered staircase.
  3951 | Ossuary  | Entered an ossuary
  3973 | Ossuary  | Reached skill level 5 in Axes
  4005 | Ossuary  | Reached skill level 5 in Fighting
  4005 | Ossuary  | Reached skill level 5 in Armour
  4065 | Ossuary  | Reached *** piety under Trog
  4376 | Ossuary  | Reached XP level 8. HP: 68/73 MP: 8/8
  4837 | D:5      | Reached skill level 1 in Shields
  4871 | D:5      | Gained mutation: You have a beak for a mouth. [potion of
                  | mutation]
  4871 | D:5      | Gained mutation: You are weak. (Str -2) [potion of
                  | mutation]
  4871 | D:5      | Gained mutation: You have sharp fingernails. [potion of
                  | mutation]
  4871 | D:5      | Gained mutation: You occasionally lose the ability to read
                  | scrolls when taking damage. [potion of mutation]
  4871 | D:5      | Lost mutation: You occasionally lose the ability to read
                  | scrolls when taking damage. [potion of mutation]
  4871 | D:5      | Gained mutation: Your spells are a little harder to cast,
                  | but a little more powerful. [potion of mutation]
  4871 | D:5      | Gained mutation: Your movements are slightly less
                  | encumbered by armour. (ER -2) [potion of mutation]
  5738 | D:6      | Found a staircase to the Ecumenical Temple.
  5753 | D:6      | Found an ornate altar of the Wu Jian Council.
  5826 | D:6      | Reached XP level 9. HP: 82/83 MP: 9/9
  6137 | D:6      | Reached **** piety under Trog
  6365 | D:6      | Found a sacrificial altar of Ru.
  6918 | D:7      | Found a hide-covered altar of Uskayaw.
  7585 | D:8      | Found a burning altar of Makhleb.
  8086 | D:8      | Noticed a boulder beetle
  8114 | D:8      | Killed a boulder beetle
  8396 | D:8      | Reached skill level 5 in Shields
  9146 | D:9      | Noticed a troll
  9158 | D:9      | Killed a troll
  9159 | D:9      | Reached XP level 10. HP: 50/94 MP: 10/10
  9301 | D:9      | Identified a scroll of acquirement
  9302 | D:9      | Acquired a manual of Shields
 10247 | D:10     | Entered Level 10 of the Dungeon
 11077 | D:10     | Found a broken altar of Ashenzari.
 11187 | D:10     | Found an iron altar of Okawaru.
 11205 | D:10     | Reached skill level 10 in Armour
 11469 | D:10     | Found Lakh's Armour Emporium.
 11480 | D:10     | Bought a +2 plate armour of fire resistance for 640 gold
                  | pieces
 11480 | D:10     | Bought a +0 kite shield for 72 gold pieces
 11662 | D:10     | Found a snail-covered altar of Cheibriados.
 11771 | D:10     | Found a glowing silver altar of Zin.
 11790 | D:10     | Found an opulent altar of Gozag.
 11885 | D:11     | Found Vogruw's Assorted Antiques.
 11886 | D:11     | Found Vitwis's Antique Weapon Boutique.
 11917 | D:11     | Found Bamogguo's Jewellery Emporium.
 12155 | D:11     | Found Ojiffuwku's General Store.
 12156 | D:11     | Found a staircase to the Lair.
 12192 | D:11     | Noticed a cyclops
 12200 | D:11     | Killed a cyclops
 12201 | D:11     | Reached XP level 11. HP: 64/101 MP: 11/11
 12470 | D:11     | Noticed a wolf spider
 12470 | D:11     | Noticed a cyan ugly thing
 12472 | D:11     | Noticed a four-headed hydra
 12477 | D:11     | Killed a wolf spider
 12483 | D:11     | Killed a cyan ugly thing
 12485 | D:11     | Noticed a brown ugly thing
 12490 | D:11     | Killed a nine-headed hydra
 12494 | D:11     | Killed a brown ugly thing
 12501 | D:11     | HP: 5/151 [cyclops/large rock (23)]
 12525 | D:11     | Identified the +8 chain mail of Trumpets {Int+3}
 12545 | D:11     | Noticed a tengu warrior
 12569 | D:11     | Killed a tengu warrior
 12570 | D:11     | Reached skill level 10 in Shields
 12571 | D:11     | Reached skill level 10 in Axes
 13625 | Lair:1   | Entered Level 1 of the Lair of Beasts
 14125 | Lair:1   | Noticed Fannar
 14139 | Lair:1   | Killed Fannar
 14208 | Lair:1   | Reached XP level 12. HP: 112/112 MP: 12/12
 14564 | D:11     | Bought a glowing war axe for 195 gold pieces
 14904 | Lair:1   | Reached ***** piety under Trog
 15295 | Lair:2   | Noticed a catoblepas
 15299 | Lair:2   | Found a staircase to the Snake Pit.
 15311 | Lair:2   | HP: 8/169 [catoblepas (5)]
 15312 | Lair:2   | HP: 3/169 [constriction (1)]
 15314 | Lair:2   | Mangled by a catoblepas

Illustrated notes

Levels and vault maps discovered:
D:1:      matt_arrival_refuge, layout_rooms
D:2:      layout_loops_ring, grunt_decor_arrowhead
D:3:      layout_rooms, gammafunk_ghost_cemetery, minivault_24,
          corexii_hall_statues_x
D:4:      layout_basic, tgw_xom, hangedman_decor_riveting, st_stairs_2,
          uniq_robin, uniq_eustachio
D:5:      wander_river, layout_loops_ring, serial_bayou, serial_bayou_pond_d,
          serial_bayou_lagoon_b, serial_bayou_pond_d, serial_bayou_lake_a,
          serial_bayou_pond_e, serial_bayou_shore_b, enter_ossuary_2
D:6:      layout_loops_cross, nicolae_ru_awakened_eye,
          mainiacjoe_overflow_alcove_2, minmay_temple_entry_enclosed_plants
D:7:      layout_gridville, nicolae_uskayaw_murder_on_the_dancefloor
D:8:      layout_basic, makhleb_altar_promises_db
D:9:      layout_basic
D:10:     layout_small_grid, pdpol_temple_overflow_zin_treasury_gozag_greed,
          cheibrodos_worm_habitat, cheibrodos_ashenzari_chains,
          mainiacjoe_overflow_cross_hatched, serial_shops,
          nicolae_shop_behind_doors, chequers_serial_rivers_micro_c,
          kennysheep_generic_room_2
D:11:     minmay_complete_graph, layout_loops_ring, serial_shops,
          nicolae_diamond_shop, nicolae_shop_window_shopping,
          nicolae_inconvenience_store, shop, minivault_5
D:12:     lemuel_troll_bridge, layout_irregular_city, orc_david_3,
          minmay_hollow_rounded_squares
Lair:1:   layout_cellular_growth, nicolae_lair_lil_pond, lemuel_fruit_fields,
          grunt_megastairs_2, uniq_fannar
Lair:2:   layout_gridlike, minmay_snake_entry_guardpost_small,
          nicolae_volcano_entry_s_turn

Skill      XL: |  1  2  3  4  5  6  7  8  9 10 11 12 |
---------------+-------------------------------------+-----
Fighting       | 3 4 5 6 7 8 9 |  9.7
Armour         | 3 4 6 7 9 10 11 | 11.9
Axes           | 3 4 5 6 7 8 10 | 10.7
Shields        | 2 5 8 10 11 | 11.4
Dodging        | |  1.3
Stealth        | |  0.7

Action                     |  1- 3 |  4- 6 |  7- 9 | 10-12 || total
---------------------------+-------+-------+-------+-------++-------
  Melee: Hand axe          |    83 |   114 |   387 |   328 ||   912
         Tailslap          |     6 |     9 |    50 |    64 ||   129
         Punch             |       |       |     1 |       ||     1
         Peck              |       |       |    34 |    65 ||    99
         War axe           |       |       |       |    60 ||    60
  Throw: Throwing net      |       |       |     1 |       ||     1
 Invoke: Berserk           |       |       |     6 |     1 ||     7
  Evoke: Wand              |       |       |     5 |     5 ||    10
    Use: Scroll            |     5 |     5 |    12 |     6 ||    28
         Potion            |     4 |     2 |     6 |    12 ||    24
   Stab: Petrified         |       |       |       |     3 ||     3
 Armour: Animal skin       |    18 |       |       |       ||    18
         Leather armour    |    12 |    22 |       |       ||    34
         Ring mail         |       |    55 |   262 |    78 ||   395
         Skin              |       |       |    26 |       ||    26
         Plate armour      |       |       |       |   126 ||   126
         Chain mail        |       |       |       |   129 ||   129
  Dodge: Dodged            |    38 |    78 |   205 |   180 ||   501
  Block: Buckler           |       |       |    64 |    87 ||   151
         Kite shield       |       |       |       |   183 ||   183

Table legend: (Time is in decaauts)
 A = Elapsed time spent in this place.
 B = Non-inter-level travel time spent in this place.
 C = Inter-level travel time spent in this place.
 D = Time resting spent in this place.
 E = Time spent auto-exploring this place.
 F = Levels seen in this place.
 G = Mean time per level.
                   A        B        C        D        E       F      G
               +--------+--------+--------+--------+--------+-----+--------+
         Total |  15573 |  15091 |    482 |   4832 |   7879 |  15 | 1038.2 |
       Dungeon |  13346 |  12921 |    425 |   4233 |   6794 |  12 | 1112.2 |
          Lair |   1604 |   1547 |     57 |    394 |    894 |   2 |  802.0 |
       Ossuary |    621 |    621 |      0 |    205 |    191 |   1 |  621.0 |
               +--------+--------+--------+--------+--------+-----+--------+

Top non-repeatable levels by time:
    D:11: 1891 daAuts
    D:10: 1666 daAuts
     D:8: 1636 daAuts
  Lair:1: 1495 daAuts
     D:5: 1351 daAuts
     D:4: 1200 daAuts
     D:9: 1141 daAuts
     D:7: 1066 daAuts
     D:3: 914 daAuts
     D:2: 859 daAuts
     D:6: 840 daAuts
     D:1: 764 daAuts
 Ossuary: 621 daAuts
  Lair:2: 108 daAuts
    D:12: 13 daAuts
